[ PARTIDA AOE2 · #506698352 ]
UnrankedEspañoles vs Chinese
Equipo del jugador · VICT
Equipo rival · DERR
[ ANÁLISIS DE REPETICIÓN · EXTRAÍDO DE LA PARTIDA GRABADA ]
Feudal
8:50
Castillos
18:41
Imperial
—
| APM promedio | 76.6 |
| APM pico | 118 |
| eAPM promedio | 28.3 |
| Aldeanos / militares | 141 / 44 |
Foco
⚔️ 38.5% · 🌾 61.5%
Conquistador ×29 · Knight ×8 · Militia ×4 · Spearman ×3
Feudal
9:56
Castillos
21:00
Imperial
—
| APM promedio | 51.6 |
| APM pico | 95 |
| eAPM promedio | 23.4 |
| Aldeanos / militares | 104 / 52 |
Foco
⚔️ 40.3% · 🌾 59.7%
Knight ×29 · Skirmisher ×19 · Iron Pagoda ×3 · Monk ×1
Mapa de la partida
Recursos iniciales + cada clic de construcción. Líneas = muros · curvas = relieve. ◆ oro · ⬟ piedra · ● bayas · ✦ reliquia · ◌ hueco del cierre
Tu base· Abierta — hueco de 5t
Base de Cooper· ✓ Cerrada en 21:00 · 34t muro · sin puerta
Terreno inicial suavizado · ◌ = hueco del cierre detectado · pasá el cursor para detalles
Inputs por minuto
— unfold - - Cooper
Build order — unfold
Primeras 150 de 312 acciones detectadas
| 0:00 | Encolar | Villager (Male) |
| 0:01 | Encolar | Villager (Male) |
| 0:01 | Construir | House |
| 0:02 | Construir | House |
| 0:08 | Encolar | Villager (Male) |
| 0:14 | Encolar | Villager (Male) |
| 1:29 | Encolar | Villager (Male) |
| 1:59 | Encolar | Villager (Male) |
| 1:59 | Encolar | Villager (Male) |
| 2:11 | Encolar | Villager (Male) |
| 2:11 | Encolar | Villager (Male) |
| 2:26 | Construir | Lumber Camp |
| 2:30 | Encolar | Villager (Male) |
| 2:48 | Encolar | Villager (Male) |
| 3:00 | Construir | House |
| 3:11 | Encolar | Villager (Male) |
| 3:33 | Encolar | Villager (Male) |
| 3:59 | Encolar | Villager (Male) |
| 4:26 | Encolar | Villager (Male) |
| 4:49 | Encolar | Villager (Male) |
| 4:58 | Encolar | Villager (Male) |
| 5:03 | Encolar | Villager (Male) |
| 5:28 | Construir | Barracks |
| 6:00 | Construir | House |
| 6:12 | Investigar | Loom |
| 6:20 | Construir | Palisade Wall |
| 6:32 | Investigar | Feudal Age |
| 6:51 | Encolar | Militia |
| 6:51 | Encolar | Militia |
| 6:57 | Construir | Palisade Wall |
| 7:01 | Encolar | Militia |
| 7:13 | Construir | Palisade Wall |
| 7:23 | Encolar | Militia |
| 7:49 | Construir | Mill |
| 8:50 | Edad | Edad Feudal |
| 8:53 | Encolar | Villager (Male) |
| 8:55 | Investigar | Man-at-Arms (upgrade) |
| 8:56 | Investigar | Double-Bit Axe |
| 9:03 | Construir | Farm |
| 9:05 | Construir | Farm |
| 9:21 | Encolar | Villager (Male) |
| 9:23 | Construir | Farm |
| 9:36 | Construir | Farm |
| 9:39 | Encolar | Villager (Male) |
| 9:51 | Construir | Farm |
| 9:53 | Construir | Farm |
| 10:20 | Encolar | Villager (Male) |
| 10:22 | Construir | House |
| 10:34 | Encolar | Villager (Male) |
| 10:38 | Construir | House |
| 10:49 | Encolar | Villager (Male) |
| 10:56 | Encolar | Villager (Male) |
| 11:06 | Encolar | Villager (Male) |
| 11:08 | Construir | House |
| 11:11 | Construir | Palisade Gate |
| 11:17 | Encolar | Spearman |
| 11:24 | Construir | Farm |
| 11:35 | Construir | House |
| 11:39 | Encolar | Villager (Male) |
| 11:40 | Construir | Farm |
| 11:52 | Construir | Farm |
| 11:57 | Construir | House |
| 12:05 | Encolar | Spearman |
| 12:10 | Encolar | Villager (Male) |
| 12:11 | Encolar | Spearman |
| 12:23 | Encolar | Villager (Male) |
| 12:26 | Construir | Stable |
| 12:37 | Construir | Farm |
| 12:38 | Encolar | Villager (Male) |
| 12:38 | Encolar | Villager (Male) |
| 12:49 | Construir | House |
| 13:11 | Construir | Palisade Wall |
| 13:18 | Encolar | Villager (Male) |
| 13:42 | Encolar | Villager (Male) |
| 13:48 | Construir | Market |
| 14:04 | Encolar | Villager (Male) |
| 14:06 | Construir | House |
| 14:27 | Encolar | Villager (Male) |
| 14:30 | Construir | Mining Camp |
| 15:06 | Construir | House |
| 15:15 | Construir | Farm |
| 15:46 | Construir | Farm |
| 15:47 | Encolar | Villager (Male) |
| 15:57 | Investigar | Castle Age |
| 16:14 | Construir | Stable |
| 16:20 | Encolar | Villager (Male) |
| 16:27 | Construir | House |
| 16:28 | Construir | Palisade Wall |
| 16:33 | Construir | Lumber Camp |
| 16:40 | Investigar | Horse Collar |
| 16:40 | Investigar | Horse Collar |
| 16:44 | Construir | Farm |
| 17:00 | Investigar | Bloodlines |
| 17:10 | Construir | House |
| 17:11 | Construir | Palisade Wall |
| 17:19 | Construir | Palisade Wall |
| 17:31 | Encolar | Villager (Male) |
| 17:32 | Construir | Farm |
| 17:35 | Construir | Farm |
| 17:39 | Construir | Farm |
| 17:55 | Construir | Farm |
| 17:56 | Encolar | Villager (Male) |
| 18:14 | Construir | Farm |
| 18:31 | Encolar | Villager (Male) |
| 18:41 | Edad | Edad de los Castillos |
| 18:41 | Investigar | Bow Saw |
| 18:42 | Encolar | Knight |
| 18:42 | Encolar | Knight |
| 18:47 | Encolar | Villager (Male) |
| 19:00 | Encolar | Villager (Male) |
| 19:01 | Encolar | Knight |
| 19:01 | Encolar | Knight |
| 19:14 | Construir | Mining Camp |
| 19:17 | Encolar | Villager (Male) |
| 19:25 | Encolar | Villager (Male) |
| 19:29 | Construir | Farm |
| 19:37 | Encolar | Knight |
| 19:39 | Encolar | Villager (Male) |
| 19:56 | Construir | House |
| 20:27 | Encolar | Villager (Male) |
| 20:51 | Encolar | Villager (Male) |
| 20:52 | Encolar | Knight |
| 20:52 | Encolar | Knight |
| 20:52 | Encolar | Knight |
| 20:59 | Encolar | Villager (Male) |
| 21:03 | Construir | Town Center |
| 21:22 | Encolar | Villager (Male) |
| 21:22 | Encolar | Villager (Male) |
| 21:23 | Encolar | Villager (Male) |
| 21:37 | Encolar | Villager (Male) |
| 21:39 | Construir | Farm |
| 21:41 | Construir | Farm |
| 21:42 | Construir | Farm |
| 22:00 | Investigar | Wheelbarrow |
| 22:02 | Encolar | Villager (Male) |
| 22:11 | Encolar | Villager (Male) |
| 22:23 | Encolar | Villager (Male) |
| 22:36 | Encolar | Villager (Male) |
| 22:46 | Encolar | Villager (Male) |
| 22:46 | Encolar | Villager (Male) |
| 22:47 | Encolar | Villager (Male) |
| 23:07 | Encolar | Villager (Male) |
| 23:17 | Construir | Town Center |
| 23:21 | Encolar | Villager (Male) |
| 23:41 | Encolar | Villager (Male) |
| 23:41 | Encolar | Villager (Male) |
| 23:46 | Encolar | Villager (Male) |
| 23:56 | Encolar | Villager (Male) |
| 24:01 | Construir | Castle |
| 24:11 | Encolar | Villager (Male) |
Build order — Cooper
Primeras 150 de 271 acciones detectadas
| 0:00 | Investigar | Loom |
| 0:00 | Investigar | Loom |
| 0:43 | Encolar | Villager (Male) |
| 0:44 | Encolar | Villager (Male) |
| 1:11 | Encolar | Villager (Male) |
| 1:36 | Encolar | Villager (Male) |
| 1:36 | Encolar | Villager (Male) |
| 1:44 | Construir | Lumber Camp |
| 2:03 | Encolar | Villager (Male) |
| 2:03 | Encolar | Villager (Male) |
| 2:27 | Encolar | Villager (Male) |
| 2:27 | Encolar | Villager (Male) |
| 2:49 | Encolar | Villager (Male) |
| 2:49 | Encolar | Villager (Male) |
| 3:18 | Encolar | Villager (Male) |
| 3:41 | Encolar | Villager (Male) |
| 3:50 | Construir | House |
| 3:57 | Encolar | Villager (Male) |
| 3:57 | Encolar | Villager (Male) |
| 4:17 | Construir | Mill |
| 4:22 | Construir | House |
| 4:33 | Encolar | Villager (Male) |
| 4:44 | Encolar | Villager (Male) |
| 4:52 | Construir | Palisade Wall |
| 4:55 | Encolar | Villager (Male) |
| 5:42 | Encolar | Villager (Male) |
| 6:10 | Encolar | Villager (Male) |
| 6:34 | Encolar | Villager (Male) |
| 7:02 | Encolar | Villager (Male) |
| 7:32 | Investigar | Feudal Age |
| 7:32 | Investigar | Feudal Age |
| 7:50 | Construir | Lumber Camp |
| 7:56 | Construir | House |
| 8:38 | Construir | Palisade Wall |
| 8:52 | Encolar | Villager (Male) |
| 9:03 | Construir | Palisade Wall |
| 9:05 | Construir | Palisade Wall |
| 9:07 | Construir | Palisade Wall |
| 9:09 | Construir | House |
| 9:12 | Construir | Palisade Wall |
| 9:13 | Encolar | Villager (Male) |
| 9:19 | Construir | Barracks |
| 9:27 | Construir | Palisade Wall |
| 9:30 | Construir | Palisade Wall |
| 9:46 | Construir | Palisade Wall |
| 9:56 | Edad | Edad Feudal |
| 9:57 | Construir | Palisade Wall |
| 10:00 | Construir | Palisade Wall |
| 10:05 | Encolar | Villager (Male) |
| 10:11 | Encolar | Villager (Male) |
| 10:18 | Construir | Palisade Wall |
| 10:24 | Construir | Stable |
| 10:25 | Encolar | Villager (Male) |
| 10:31 | Construir | Palisade Wall |
| 10:50 | Investigar | Double-Bit Axe |
| 11:02 | Construir | Palisade Wall |
| 11:12 | Encolar | Villager (Male) |
| 11:27 | Construir | Farm |
| 11:27 | Construir | Farm |
| 11:27 | Construir | Farm |
| 11:28 | Construir | Farm |
| 11:28 | Construir | Farm |
| 11:28 | Construir | Farm |
| 11:28 | Construir | Farm |
| 11:28 | Construir | Farm |
| 11:29 | Construir | Farm |
| 11:44 | Construir | House |
| 11:44 | Encolar | Villager (Male) |
| 11:49 | Construir | Farm |
| 12:07 | Construir | Farm |
| 12:17 | Construir | House |
| 12:18 | Encolar | Villager (Male) |
| 12:25 | Construir | Palisade Wall |
| 12:30 | Construir | Palisade Wall |
| 12:32 | Construir | Farm |
| 12:34 | Construir | Farm |
| 12:34 | Encolar | Villager (Male) |
| 12:39 | Construir | House |
| 12:40 | Construir | Palisade Wall |
| 12:58 | Encolar | Villager (Male) |
| 13:18 | Construir | Archery Range |
| 13:19 | Encolar | Villager (Male) |
| 13:29 | Construir | House |
| 13:35 | Construir | Palisade Wall |
| 13:41 | Construir | Farm |
| 13:41 | Encolar | Villager (Male) |
| 13:52 | Construir | Farm |
| 13:52 | Encolar | Villager (Male) |
| 13:59 | Construir | Farm |
| 14:03 | Encolar | Villager (Male) |
| 14:11 | Encolar | Skirmisher |
| 14:11 | Encolar | Skirmisher |
| 14:25 | Construir | Farm |
| 14:26 | Encolar | Villager (Male) |
| 14:35 | Encolar | Skirmisher |
| 14:49 | Construir | Farm |
| 14:49 | Encolar | Villager (Male) |
| 14:58 | Encolar | Skirmisher |
| 14:59 | Encolar | Villager (Male) |
| 15:09 | Encolar | Skirmisher |
| 15:21 | Encolar | Skirmisher |
| 15:36 | Encolar | Villager (Male) |
| 15:43 | Construir | Farm |
| 15:45 | Encolar | Skirmisher |
| 15:58 | Construir | Mining Camp |
| 16:05 | Encolar | Villager (Male) |
| 16:18 | Encolar | Skirmisher |
| 16:24 | Construir | Farm |
| 16:26 | Construir | Farm |
| 16:48 | Construir | Farm |
| 16:56 | Encolar | Skirmisher |
| 17:01 | Encolar | Villager (Male) |
| 17:13 | Encolar | Villager (Male) |
| 17:44 | Encolar | Skirmisher |
| 17:53 | Construir | Blacksmith |
| 17:59 | Encolar | Skirmisher |
| 18:10 | Encolar | Villager (Male) |
| 18:20 | Investigar | Castle Age |
| 18:29 | Investigar | Gold Mining |
| 18:44 | Investigar | Padded Archer Armor |
| 19:11 | Construir | Stable |
| 19:19 | Investigar | Fletching |
| 19:20 | Encolar | Villager (Male) |
| 19:44 | Investigar | Bloodlines |
| 19:45 | Investigar | Scale Barding Armor |
| 19:45 | Investigar | Forging |
| 19:48 | Construir | Farm |
| 19:49 | Construir | Farm |
| 19:50 | Construir | Farm |
| 20:07 | Construir | House |
| 20:07 | Encolar | Villager (Male) |
| 20:11 | Encolar | Villager (Male) |
| 20:18 | Construir | Stone Wall |
| 20:20 | Construir | House |
| 20:20 | Encolar | Villager (Male) |
| 20:24 | Encolar | Villager (Male) |
| 20:27 | Construir | House |
| 20:28 | Encolar | Villager (Male) |
| 20:30 | Encolar | Villager (Male) |
| 20:42 | Encolar | Villager (Male) |
| 20:54 | Construir | House |
| 20:54 | Encolar | Villager (Male) |
| 21:00 | Edad | Edad de los Castillos |
| 21:03 | Encolar | Knight |
| 21:03 | Encolar | Knight |
| 21:04 | Encolar | Knight |
| 21:08 | Encolar | Knight |
| 21:08 | Encolar | Knight |
| 21:14 | Investigar | Bodkin Arrow |
| 21:15 | Investigar | Bodkin Arrow |
Cronología de la partida
| 4:52 | Cooper · wall_segment Palisade Wall x5 |
| 5:28 | unfold · first_building Barracks |
| 6:20 | unfold · wall_segment Palisade Wall x3 |
| 6:57 | unfold · wall_segment Palisade Wall x4 |
| 7:13 | unfold · wall_segment Palisade Wall x4 |
| 8:38 | Cooper · wall_segment Palisade Wall x1 |
| 8:50 | unfold · age_up feudal |
| 9:03 | Cooper · wall_segment Palisade Wall x1 |
| 9:05 | Cooper · wall_segment Palisade Wall x1 |
| 9:07 | Cooper · wall_segment Palisade Wall x1 |
| 9:12 | Cooper · wall_segment Palisade Wall x1 |
| 9:19 | Cooper · first_building Barracks |
| 9:27 | Cooper · wall_segment Palisade Wall x1 |
| 9:30 | Cooper · wall_segment Palisade Wall x1 |
| 9:46 | Cooper · wall_segment Palisade Wall x1 |
| 9:56 | Cooper · age_up feudal |
| 9:57 | Cooper · wall_segment Palisade Wall x2 |
| 10:00 | Cooper · wall_segment Palisade Wall x2 |
| 10:18 | Cooper · wall_segment Palisade Wall x1 |
| 10:24 | Cooper · first_building Stable |
| 10:31 | Cooper · wall_segment Palisade Wall x4 |
| 11:02 | Cooper · wall_segment Palisade Wall x3 |
| 12:25 | Cooper · wall_segment Palisade Wall x1 |
| 12:26 | unfold · first_building Stable |
| 12:30 | Cooper · wall_segment Palisade Wall x8 |
| 12:40 | Cooper · wall_segment Palisade Wall x1 |
| 13:11 | unfold · wall_segment Palisade Wall x3 |
| 13:18 | Cooper · first_building Archery Range |
| 13:35 | Cooper · wall_segment Palisade Wall x3 |
| 15:52 | unfold · first_market_sell 500 stone |
| 15:53 | unfold · first_market_buy 100 food |
| 16:28 | unfold · wall_segment Palisade Wall x4 |
| 17:11 | unfold · wall_segment Palisade Wall x6 |
| 17:19 | unfold · wall_segment Palisade Wall x4 |
| 18:41 | unfold · age_up castle |
| 20:18 | Cooper · wall_segment Stone Wall x1 |
| 21:00 | Cooper · age_up castle |
| 21:28 | Cooper · wall_segment Stone Wall x1 |
| 23:39 | Cooper · first_building Monastery |
| 24:01 | unfold · first_building Castle |
| 24:16 | unfold · wall_segment Palisade Wall x7 |
| 27:33 | Cooper · first_building Siege Workshop |
| 31:49 | Cooper · wall_segment Palisade Wall x1 |
| 34:26 | Cooper · resign |
[ ANÁLISIS IA · 1 CRÉDITO ]
¿Qué pasó realmente en esta partida?
Wolo.gg analiza cada decisión: build order, eco, micro, errores típicos por bracket. Análisis personalizado por WhatsApp o Discord en 30 segundos.
Guía civ
Españoles
Perfil
Jugador #20944940